 Dungeon Crawl Stone Soup version 0.30.0-5-g1a98f26d00 (webtiles) character file.

Game seed: 2295450577268720555

280 growler the Insei (level 6, -9/64 HPs)
             Began as a Merfolk Transmuter on May 9, 2023.
             Was a Follower of Wu Jian.
             Mangled by a wraith (12 damage)
             ... on level 7 of the Dungeon.
             The game lasted 00:08:29 (3775 turns).

growler the Insei (Merfolk Transmuter)              Turns: 3775, Time: 00:08:30

Health: -9/64      AC:  3    Str: 10    XL:     6   Next: 27%
Magic:  16/19      EV: 12    Int: 15    God:    Wu Jian [*.....]
Gold:   112        SH:  0    Dex: 14    Spells: 1/11 levels left

rFire   . .          .
                       - Unarmed
rCold   . . .        (no shield)
rNeg    . . .        a - +0 robe
rPois   +            (no helmet)
rElec   .            (no cloak)
rCorr   .            (no gloves)
SInv    .            h - +0 pair of boots
Will    .....        (no amulet) Stlth
                     e - ring of poison resistance
HPRegen 0.30/turn    g - ring of magical power
MPRegen 0.16/turn

%: no passive effects
@: berserking (expiring), slowed
A: (nimble swimmer 2), mertail
a: Renounce Religion


You were on level 7 of the Dungeon.
You worshipped Wu Jian.
Wu Jian was aware of your devotion.
You visited 1 branch of the dungeon, and saw 5 of its levels.

You collected 112 gold pieces.

Inventory:

Armour
 a - a +0 robe (worn)
 h - a +0 pair of boots (worn)
 u - a +0 helmet
Jewellery
 d - a ring of ice
 e - a ring of poison resistance (left hand)
 g - a ring of magical power (right hand)
 k - a ring of ice
Wands
 i - a wand of digging (9)
Scrolls
 c - 3 scrolls of immolation
 m - a scroll of amnesia {unknown}
 n - 3 scrolls of vulnerability
 o - a scroll of poison {unknown}
 p - 2 scrolls of noise {unknown}
 r - a scroll of brand weapon {unknown}
Potions
 b - a potion of lignification
 f - 3 potions of heal wounds {unknown}
 j - a potion of ambrosia
 l - 2 potions of brilliance {unknown}
 s - a potion of resistance
 t - 2 potions of invisibility {unknown}
 v - a potion of curing
 w - a potion of degeneration {unknown}


   Skills:
 - Level 1.1 Fighting
 - Level 2.6 Dodging
 + Level 6.5 Unarmed Combat
 - Level 3.0 Spellcasting
 - Level 4.0 Transmutations


You had one spell level left.
You knew the following spells:

 Your Spells              Type           Power      Damage    Failure   Level
a - Beastly Appendage     Tmut           28%        N/A       3%          1
b - Wereblood             Tmut           14%        N/A       6%          2
c - Spider Form           Tmut/Pois      8%         N/A       26%         3
d - Ice Form              Ice/Tmut       8%         N/A       65%         4

Your spell library contained the following spells:

 Spells                   Type           Power      Damage    Failure   Level
 Borgnjor's Revivificati  Necr           1%         N/A       100%        8
 Necromutation            Tmut/Necr      4%         N/A       100%        8
 Death's Door             Necr           1%         N/A       100%        9


Dungeon Overview and Level Annotations

Branches:
Dungeon (7/15)             Temple (0/1) D:4

Altars:
Wu Jian

Annotations:
D:4 1 runed translucent door, esper6's ghost, amateur TeEn


Innate Abilities, Weirdness & Mutations

((You are very nimble when in or above water. (Stealth+, EV+, Speed+++)))
Your lower body shifts to a powerful aquatic tail in water.


Message History

You closely miss the wraith. You punch the wraith!
The wraith is moderately damaged.
The wraith hits you!
* * * LOW HITPOINT WARNING * * *
You hit the wraith but do no damage.
The wraith is moderately damaged.
The wraith closely misses you.
You barely miss the wraith. You punch the wraith.
The wraith is heavily damaged.
The wraith completely misses you.
You barely miss the wraith.
The wraith is heavily damaged.
The wraith barely misses you.
You hit the wraith.
The wraith is heavily damaged.
The wraith hits you.
* * * LOW HITPOINT WARNING * * *
The wraith drains your vigour!
You feel as though you will be slow longer.
You closely miss the wraith.
The wraith is heavily damaged.
The wraith barely misses you.
You hit the wraith.
The wraith is severely damaged.
The wraith hits you.
* * * LOW HITPOINT WARNING * * *
The wraith drains your vigour!
You feel as though you will be slow longer.
You hit the wraith.
The wraith is almost destroyed.
The wraith hits you.
* * * LOW HITPOINT WARNING * * *
The wraith drains your vigour!
You feel as though you will be slow longer.
You hit the wraith but do no damage.
The wraith is almost destroyed.
You barely miss the wraith.
The wraith is almost destroyed.
The wraith hits you!
You die...

#.# #.# #.#
#.# #.# #.#
#.# #.# #.#
#.#
#.#######...
#.:.@W...#
########.+


You could see a wraith.

Vanquished Creatures
  A phantom (D:7)
  Dowan (D:4)
  Terence (D:2)
  3 gnolls (D:2)
  5 adders
  3 worms
  A dart slug (D:3)
  4 bats
  6 endoplasms
  A giant cockroach (D:4)
  6 goblins
  6 hobgoblins
  6 quokkas
  4 ball pythons
  2 frilled lizards
  9 kobolds
  4 rats
63 creatures vanquished.

Notes
Turn   | Place    | Note
-------+----------+-------------------------------------------
     0 | D:1      | growler the Merfolk Transmuter began the quest for the Orb.
     0 | D:1      | Reached XP level 1. HP: 15/15 MP: 3/3
   167 | D:1      | Reached XP level 2. HP: 15/21 MP: 3/5
   328 | D:1      | Learned a level 2 spell: Wereblood
  1004 | D:1      | Reached XP level 3. HP: 26/26 MP: 6/6
  1008 | D:1      | Learned a level 3 spell: Spider Form
  1408 | D:2      | Found an ornate altar of the Wu Jian Council.
  1418 | D:2      | Became a worshipper of the Wu Jian Council
  1602 | D:2      | Reached skill level 4 in Unarmed Combat
  1602 | D:2      | Reached XP level 4. HP: 18/32 MP: 8/8
  1756 | D:2      | Noticed Terence
  1768 | D:2      | Killed Terence
  1934 | D:2      | Reached XP level 5. HP: 11/37 MP: 9/9
  2098 | D:2      | Learned a level 4 spell: Ice Form
  2487 | D:3      | Reached skill level 5 in Unarmed Combat
  2995 | D:3      | Reached * piety under Wu Jian
  3321 | D:4      | Found a runed translucent door.
  3321 | D:4      | Noticed esper6's ghost (amateur TeEn)
  3333 | D:4      | Noticed Dowan
  3356 | D:4      | Killed Dowan
  3480 | D:4      | Found a staircase to the Ecumenical Temple.
  3678 | D:4      | You fall into a shaft and drop 3 floors!
  3706 | D:7      | Noticed a phantom
  3726 | D:7      | Killed a phantom
  3727 | D:7      | Reached skill level 6 in Unarmed Combat
  3727 | D:7      | Reached XP level 6. HP: 32/43 MP: 10/10
  3753 | D:7      | Noticed a wraith
  3773 | D:7      | HP: 3/64 [wraith (3)]
  3775 | D:7      | Mangled by a wraith

Illustrated notes

Levels and vault maps discovered:
D:1:      minmay_arrival_glassed_features, layout_basic,
          hangedman_feature_mirror, hangedman_decor_riveting,
          nicolae_eternal_life
D:2:      layout_loops_ring, basic_altar, uniq_terence
D:3:      layout_basic, minmay_crystal_room
D:4:      layout_basic, mainiacjoe_overflow_six_doors_small,
          minmay_temple_entry_wispy, hellmonk_ghost_happy_afterlife,
          minmay_divided_ellipse, uniq_duvessa
D:7:      layout_loops_ring, serial_shops, kennysheep_mini, uniq_pikel

Skill      XL: |  1  2  3  4  5 |
---------------+----------------+-----
Transmutations | 3 4 |  4.0
Unarmed Combat | 4 6 |  6.5
Spellcasting   | 3 |  3.0
Fighting       | |  1.1
Dodging        | |  2.6

Action                     |  1- 3 |  4- 6 || total
---------------------------+-------+-------++-------
  Melee: Unarmed           |   129 |   133 ||   262
         Headbutt          |    18 |    13 ||    31
         Punch             |     2 |     5 ||     7
   Cast: Beastly Appendage |    20 |    16 ||    36
         Wereblood         |     1 |     1 ||     2
         Spider Form       |       |     5 ||     5
Ability: Lunge             |       |    15 ||    15
         Whirlwind         |       |     1 ||     1
    Use: Scroll            |       |     6 ||     6
         Potion            |       |     1 ||     1
   Stab: Sleeping          |     1 |       ||     1
 Armour: Robe              |    27 |    12 ||    39
  Dodge: Dodged            |    64 |    61 ||   125
